[Event "Titled Tuesday Blitz August 16 Early 2022"]
[White "Perez Gormaz, Matias"]
[Black "Samadov, Read"]
[WhiteFideId "3406342"]
[BlackFideId "13417444"]
[WhiteElo "2341"]
[BlackElo "2084"]
[Result "0-1"]
[Round "03"]
[TimeControl "180+1"]
[Date "2022.08.16"]
[WhiteClock "0:00:11"]
[BlackClock "0:00:18"]

1. e4 c5 2. Nf3 d6 3. d4 cxd4 4. Nxd4 Nf6 5. Nc3 a6 6. Be3 e5 7. Nf3 Be7 8. Bc4 O-O 9. O-O Be6 10. Bb3 Nc6 11. Bg5 Nd7 12. Bxe7 Qxe7 13. Nd5 Qd8 14. c3 Nc5 15. Bc2 Kh8 16. Ne3 a5 17. Qd2 Qb6 18. b3 Rad8 19. Rad1 h6 20. Nh4 Ne7 21. Qe2 Qc6 22. Qf3 b5 23. Rd2 Nd7 24. Rfd1 Nf6 25. h3 Qxc3 26. Rxd6 Qc7 27. Rxd8 Rxd8 28. Qe2 b4 29. Nf3 Ng6 30. g3 Bxh3 31. Rxd8+ Qxd8 32. Qb5 Qc7 33. Nc4 Nd7 34. Qxa5 Qb8 35. Qa6 Be6 36. Nd6 Kh7 37. Bd3 Qc7 38. Bc4 Nc5 0-1


[Site "https://www.chess.com"]

[Event "Titled Tuesday Blitz August 16 Early 2022"]
[White "Perez Leiva, Jerzy Jesus"]
[Black "Zheenbekov, Nurgazy"]
[WhiteFideId "3524337"]
[BlackFideId "13800485"]
[WhiteElo "2287"]
[BlackElo "1932"]
[Result "0-1"]
[Round "03"]
[TimeControl "180+2"]
[Date "2022.08.18"]
[WhiteClock "0:00:00"]
[BlackClock "0:00:00"]

1. Nf3 d5 2. c4 d4 3. g3 c5 4. Bg2 Nc6 5. O-O e5 6. d3 Nf6 7. b4 cxb4 8. a3 bxa3 9. Bxa3 Bxa3 10. Nxa3 O-O 11. Nb5 a6 12. Nd2 Bg4 13. Na3 Rb8 14. Re1 Qd7 15. Qa4 a5 16. Rab1 Nb4 17. Qxa5 Na2 18. Nb5 Ra8 19. Qb6 Rfb8 20. Ra1 Nc3 21. Rxa8 Rxa8 22. Bxb7 Rb8 23. Nd6 Nxe2+ 24. Kf1 Nc3 25. c5 h5 26. Rxe5 Nfd5 27. Qc6 Bh3+ 28. Kg1 Qxc6 29. Bxc6 Nb4 30. Re8+ Rxe8 31. Bxe8 Nxd3 32. f3 Nxc5 33. f4 Nd3 34. Kh1 Ne2 35. N6e4 f5 36. Bd7 fxe4 37. Bxh3 Nf2+ 38. Kg2 e3 39. Be6+ Kf8 40. Nf3 d3 41. Bc4 Nc1 42. Ne5 d2 43. Ng6+ Ke8 44. Bb5+ Kd8 45. Be2 Nxe2 46. Nf8 d1=Q 47. Ne6+ Ke7 48. Nc5 Qh1# 0-1


[Site "https://www.chess.com"]

[Event "Titled Tuesday Blitz August 16 Early 2022"]
[White "Perez Ponsa, Federico"]
[Black "Ginzburg, Yakov"]
[WhiteFideId "117927"]
[BlackFideId "4157176"]
[WhiteElo "2604"]
[BlackElo "2265"]
[Result "1-0"]
[Round "03"]
[TimeControl "180+2"]
[Date "2022.08.18"]
[WhiteClock "0:00:00"]
[BlackClock "0:00:00"]

1. d4 d5 2. Bf4 g6 3. Nf3 Bg7 4. e3 Nf6 5. Be2 O-O 6. O-O c6 7. c4 Bg4 8. cxd5 Nxd5 9. Bg3 Nd7 10. Nc3 N7b6 11. h3 Bf5 12. a4 a5 13. Ne5 Rc8 14. Qb3 Be6 15. Qc2 Nb4 16. Qe4 Bb3 17. Rfc1 N6d5 18. Bf1 e6 19. h4 h5 20. Ne2 Nf6 21. Qb1 Bd5 22. Nc3 c5 23. Nxd5 Qxd5 24. Bc4 Qd8 25. Rd1 cxd4 26. Rxd4 Qb6 27. Nxg6 fxg6 28. Qxg6 Nbd5 29. Rad1 Ne8 30. e4 Qxb2 31. exd5 Rxc4 32. Rxc4 Qe2 33. Qxe6+ Qxe6 34. dxe6 Nf6 35. Rc7 Re8 36. e7 Kf7 37. Rxb7 Ng4 38. Rd8 Rxe7 39. Rxe7+ Kxe7 40. Ra8 Bc3 41. Bc7 Bb4 42. Bxa5 Bc5 43. Be1 Ne5 44. Rh8 Nd3 45. Kf1 Nxe1 46. Kxe1 Bd4 47. Rh7+ Kf6 48. Rxh5 Bc3+ 49. Ke2 Kg6 50. g4 Bf6 51. Rb5 Be7 52. f4 Bxh4 53. Kf3 Kf7 54. g5 Be1 55. f5 Bc3 56. Rb7+ Ke8 57. Ke4 Bd2 58. g6 Bc3 59. g7 Bxg7 60. Rxg7 1-0


[Site "https://www.chess.com"]

[Event "Titled Tuesday Blitz August 16 Early 2022"]
[White "Petrovic, Aleksa"]
[Black "Bilych, Olexiy"]
[WhiteFideId "967629"]
[BlackFideId "14156504"]
[WhiteElo "2262"]
[BlackElo "2157"]
[Result "0-1"]
[Round "03"]
[TimeControl "180+1"]
[Date "2022.08.16"]
[WhiteClock "0:00:08"]
[BlackClock "0:00:12"]

1. d4 Nf6 2. c4 e6 3. Nf3 d5 4. Nc3 c5 5. cxd5 cxd4 6. Qxd4 exd5 7. e4 dxe4 8. Bb5+ Bd7 9. Nxe4 Bxb5 10. Qe5+ Be7 11. Nxf6+ gxf6 12. Qxb5+ Qd7 13. Qe2 Nc6 14. O-O Rg8 15. Rd1 Qe6 16. Be3 f5 17. Qb5 Kf8 18. Bh6+ Qxh6 19. Qxb7 Rb8 20. Qd7 Rd8 21. Qxf5 Rxd1+ 22. Rxd1 Qg6 23. Qxg6 Rxg6 24. g3 h5 25. Rd7 h4 26. a3 h3 27. Kf1 Re6 28. Ng1 Bf6 29. b4 Bb2 30. Nxh3 a6 31. Ng5 Re7 32. Rd6 Rc7 33. Rd3 Ne5 34. Rb3 Bc1 35. Ne4 Nc4 36. Kg2 Nxa3 37. Nc5 a5 38. Rc3 Bb2 39. Ne6+ fxe6 40. Rxc7 axb4 41. Rb7 Bc3 42. Kf3 Nc4 43. Kg4 Nd6 44. Rb8+ Ke7 45. f4 Ne4 46. h4 Nc5 47. h5 b3 48. h6 b2 49. Kh5 Ne4 50. g4 Nd2 51. g5 b1=Q 52. Rxb1 Nxb1 53. g6 Kf8 54. f5 exf5 55. Kg5 Bd2+ 56. Kxf5 Bxh6 57. Ke4 Bg7 58. Kf5 Nc3 59. Kg5 Ke7 60. Kf5 Kd6 61. Kg5 Ke6 62. Kh5 Kf5 63. Kh4 Ne4 64. Kh3 Kf4 65. Kg2 Bf6 66. g7 Bxg7 67. Kg1 Kf3 68. Kh1 Be5 69. Kg1 Nf2 70. Kf1 Bh2 71. Ke1 Ne4 72. Kd1 Ke3 73. Kc2 Nd2 74. Kc3 Bd6 0-1


[Site "https://www.chess.com"]

[Event "Titled Tuesday Blitz August 16 Early 2022"]
[White "Pham, Le Thao Nguyen"]
[Black "Avalos Parra, Joao"]
[WhiteFideId "12401226"]
[BlackFideId "3402541"]
[WhiteElo "2282"]
[BlackElo "2173"]
[Result "1-0"]
[Round "03"]
[TimeControl "180+2"]
[Date "2022.08.18"]
[WhiteClock "0:00:00"]
[BlackClock "0:00:00"]

1. d4 Nf6 2. Nf3 e6 3. c4 d5 4. Nc3 c5 5. cxd5 Nxd5 6. e4 Nxc3 7. bxc3 cxd4 8. cxd4 Bb4+ 9. Bd2 Bxd2+ 10. Qxd2 O-O 11. Bc4 Nd7 12. O-O b6 13. Rfe1 Bb7 14. Rad1 Rc8 15. Bb3 Re8 16. h3 Nf6 17. Qf4 Qc7 18. Ne5 Red8 19. Re3 Qe7 20. Nf3 Rc7 21. d5 Rcd7 22. Ne5 Rd6 23. Nxf7 Qxf7 24. Rdd3 Qc7 25. dxe6 Qc1+ 26. Kh2 Rxd3 27. e7+ Kh8 28. e5 Qf1 29. Rg3 Ng8 30. exd8=Q Rxd8 31. Qf7 1-0


[Site "https://www.chess.com"]

[Event "Titled Tuesday Blitz August 16 Early 2022"]
[White "Pinheiro, Iung Alicio de O."]
[Black "Baches Garcia, Guillermo"]
[WhiteFideId "2104350"]
[BlackFideId "2209764"]
[WhiteElo "2283"]
[BlackElo "2326"]
[Result "0-1"]
[Round "03"]
[TimeControl "180+2"]
[Date "2022.08.18"]
[WhiteClock "0:00:00"]
[BlackClock "0:00:00"]

1. e4 c5 2. Nf3 d6 3. d4 cxd4 4. Nxd4 Nf6 5. Nc3 Nc6 6. Bg5 e6 7. Bb5 Bd7 8. Qd3 Be7 9. O-O-O Nxd4 10. Bxd7+ Qxd7 11. Qxd4 Qc6 12. f4 O-O 13. Kb1 Rfd8 14. g4 b5 15. a3 a5 16. Rhe1 b4 17. axb4 axb4 18. Qxb4 Rdb8 19. Qd4 Qa6 20. Kc1 Rxb2 21. Kd2 e5 22. Qd3 Qb6 23. Bxf6 Qf2+ 24. Ne2 Bxf6 25. Rf1 Qc5 26. g5 Bd8 27. Ra1 Ba5+ 28. Kc1 Rab8 29. Rxa5 Qxa5 30. Nc3 Qa1+ 31. Kd2 Qa5 32. fxe5 dxe5 33. Qd5 Rd8 34. Kd3 Rxd5+ 35. Nxd5 Qa6+ 36. c4 Qa3+ 37. Nc3 Rb3 38. Rc1 Qxc1 0-1


[Site "https://www.chess.com"]

[Event "Titled Tuesday Blitz August 16 Early 2022"]
[White "Ponce Cano, Adrian"]
[Black "Csonka, Balazs"]
[WhiteFideId "22296913"]
[BlackFideId "742910"]
[WhiteElo "2261"]
[BlackElo "2404"]
[Result "0-1"]
[Round "03"]
[TimeControl "180+2"]
[Date "2022.08.18"]
[WhiteClock "0:00:00"]
[BlackClock "0:00:00"]

1. e4 e5 2. Nf3 Nc6 3. Nc3 Nf6 4. Bb5 Bd6 5. O-O O-O 6. h3 Re8 7. d3 h6 8. Re1 a6 9. Ba4 Bf8 10. Nd5 b5 11. Bb3 Na5 12. c4 Nxb3 13. axb3 c6 14. Ne3 Bb7 15. Nf5 d6 16. Bd2 Bc8 17. N3h4 Be6 18. Qf3 Nh7 19. Qg3 Ng5 20. Re2 g6 21. Ne3 Bg7 22. Rae1 Kh7 23. Nc2 d5 24. f4 exf4 25. Bxf4 dxe4 26. dxe4 bxc4 27. bxc4 Bxc4 28. Rd2 Qe7 29. e5 Rad8 30. Rf2 Be6 31. Kh2 Kh8 32. Nf3 Nxf3+ 33. gxf3 Rd5 34. h4 Rb5 35. Nd4 Rc5 36. b4 Rc4 37. Nc2 c5 38. bxc5 Rxc5 39. Rfe2 a5 40. Qf2 a4 41. Qe3 Rc4 42. Nd4 Qxh4+ 43. Kg2 g5 44. Nxe6 gxf4 45. Qa7 Rxe6 46. Re4 Rg6+ 47. Kf1 Qh1+ 48. Ke2 Rxe4+ 49. fxe4 Qxe4+ 50. Kd1 Qd3+ 51. Kc1 Rc6+ 52. Kb2 Rc2+ 53. Ka1 Qa3+ 54. Kb1 Qb2# 0-1


[Site "https://www.chess.com"]

[Event "Titled Tuesday Blitz August 16 Early 2022"]
[White "Popilski, Gil"]
[Black "Zhigalko, Sergei"]
[WhiteFideId "2809060"]
[BlackFideId "13502956"]
[WhiteElo "2537"]
[BlackElo "2662"]
[Result "1-0"]
[Round "03"]
[TimeControl "180+1"]
[Date "2022.08.16"]
[WhiteClock "0:00:28"]
[BlackClock "0:00:15"]

1. e4 c5 2. Nf3 Nc6 3. d4 cxd4 4. Nxd4 Nf6 5. Nc3 e5 6. Ndb5 d6 7. Bg5 a6 8. Na3 b5 9. Nd5 Be7 10. Bxf6 Bxf6 11. c4 b4 12. Nc2 O-O 13. g3 a5 14. h4 Be6 15. Bh3 a4 16. Bxe6 fxe6 17. Ndxb4 Nxb4 18. Nxb4 Qb6 19. Qd2 Be7 20. a3 Rf3 21. Nd5 Qb7 22. Nxe7+ Qxe7 23. O-O Ra6 24. Rac1 h6 25. c5 dxc5 26. Qe2 Rb6 27. Qxf3 Rxb2 28. Rc4 Kh7 29. Rxa4 Qb7 30. Qg4 Qb3 31. Ra7 1-0


[Site "https://www.chess.com"]

[Event "Titled Tuesday Blitz August 16 Early 2022"]
[White "Postnikov, Daniil"]
[Black "Schut, Han"]
[WhiteFideId "4166329"]
[BlackFideId "1005561"]
[WhiteElo "2261"]
[BlackElo "2024"]
[Result "1-0"]
[Round "03"]
[TimeControl "180+2"]
[Date "2022.08.18"]
[WhiteClock "0:00:00"]
[BlackClock "0:00:00"]

1. d4 Nf6 2. c4 g6 3. Nc3 d5 4. cxd5 Nxd5 5. e4 Nxc3 6. bxc3 Bg7 7. Nf3 c5 8. Rb1 Nc6 9. Be2 cxd4 10. cxd4 Nxd4 11. O-O Nxe2+ 12. Qxe2 O-O 13. Bb2 Qa5 14. Bxg7 Kxg7 15. h4 b6 16. Rbc1 Bg4 17. Rc7 Rfe8 18. Qb2+ Kg8 19. Ne5 Be6 20. Nc6 Qxa2 21. Qe5 Qa3 22. h5 Qd6 23. Qxd6 exd6 24. Nxa7 b5 25. Nxb5 Ra5 26. Nxd6 Rd8 27. Nb7 1-0


[Site "https://www.chess.com"]

[Event "Titled Tuesday Blitz August 16 Early 2022"]
[White "Puranik, Abhimanyu"]
[Black "Volkov, Maksim"]
[WhiteFideId "5061245"]
[BlackFideId "54123070"]
[WhiteElo "2520"]
[BlackElo "2155"]
[Result "0-1"]
[Round "03"]
[TimeControl "180+1"]
[Date "2022.08.16"]
[WhiteClock "0:00:31"]
[BlackClock "0:00:17"]

1. Nf3 d5 2. e3 Nf6 3. c4 c6 4. b3 Bg4 5. Bb2 e6 6. h3 Bh5 7. d3 Nbd7 8. g4 Bg6 9. Bg2 h6 10. O-O Bd6 11. cxd5 cxd5 12. e4 dxe4 13. dxe4 Bc5 14. Nc3 O-O 15. e5 Ne4 16. Qe2 Ng3 17. Qc4 Nxf1 18. Rxf1 Rc8 19. Qe2 Qe7 20. h4 Rfd8 21. h5 Bh7 22. Ne4 Bb4 23. g5 hxg5 24. Nfxg5 Bf5 25. Qe3 Nc5 26. Nf6+ gxf6 27. exf6 Qf8 28. Qg3 Kh8 29. h6 Rd3 30. f3 Bd2 31. Be5 Bxg5 32. Qxg5 Bg6 33. f4 Qg8 34. h7 Bxh7 35. Qh4 Rd2 36. Qh3 Ne4 37. Rf3 Rcc2 0-1


[Site "https://www.chess.com"]

[Event "Titled Tuesday Blitz August 16 Early 2022"]
[White "Ramirez Vido, Robert Yorisan"]
[Black "Eynullayev, Altay"]
[WhiteFideId "3513823"]
[BlackFideId "13413562"]
[WhiteElo "2090"]
[BlackElo "2079"]
[Result "1-0"]
[Round "03"]
[TimeControl "180+2"]
[Date "2022.08.18"]
[WhiteClock "0:00:00"]
[BlackClock "0:00:00"]

1. f4 d5 2. Nf3 Nf6 3. e3 c5 4. Be2 Nc6 5. O-O g6 6. Ne5 Bg7 7. Nxc6 bxc6 8. d3 O-O 9. Nc3 Rb8 10. Kh1 Nd7 11. e4 e6 12. Qe1 Ba6 13. Qf2 Rb4 14. a3 Rb8 15. e5 f6 16. exf6 Qxf6 17. Rb1 Qe7 18. Bd2 Rf7 19. Qg3 Rbf8 20. Rbe1 e5 21. fxe5 Rxf1+ 22. Rxf1 Rxf1+ 23. Bxf1 Nxe5 24. h3 Bc8 25. Be2 Bf5 26. Bg5 Qe6 27. Na4 Nd7 28. Bf3 c4 29. dxc4 Bxc2 30. cxd5 cxd5 31. Nc3 Bb3 32. Qf2 h6 33. Bf4 Kh7 34. Bg3 d4 35. Ne4 Qc4 36. Bf4 d3 37. Bd2 Ne5 38. Qh4 Nxf3 39. gxf3 1-0


[Site "https://www.chess.com"]

[Event "Titled Tuesday Blitz August 16 Early 2022"]
[White "Rios Escobar, Adan"]
[Black "Yaksin, Oleg"]
[WhiteFideId "3403645"]
[BlackFideId "24105880"]
[WhiteElo "2276"]
[BlackElo "2256"]
[Result "1-0"]
[Round "03"]
[TimeControl "180+2"]
[Date "2022.08.18"]
[WhiteClock "0:00:00"]
[BlackClock "0:00:00"]

1. d4 Nf6 2. g3 e6 3. c4 d5 4. Nf3 Be7 5. Bg2 O-O 6. O-O c6 7. Qc2 Nbd7 8. Nbd2 b6 9. e4 Bb7 10. e5 Ne8 11. cxd5 cxd5 12. Rd1 Qc7 13. Qd3 Rc8 14. Ne1 Nb8 15. h4 Ba6 16. Qe3 Nc6 17. Ndf3 Na5 18. Qf4 Bb4 19. Bd2 Bxd2 20. Rxd2 Qd7 21. h5 Nc4 22. Rc2 b5 23. h6 g6 24. Rac1 Nb6 25. Rxc8 Bxc8 26. Bf1 a6 27. Nd3 Qe7 28. Rc6 Qb7 29. Qc1 Nc4 30. Rc5 Bd7 31. b3 Nb6 32. Nb4 Qa8 33. Nc6 Bxc6 34. Rxc6 Qb7 35. Nh2 Na8 36. Ng4 Qe7 37. Rc8 Nac7 38. Qc6 Kh8 39. Nf6 a5 40. Bxb5 Nxb5 41. Qxb5 Nxf6 42. exf6 Qd6 43. Rxf8+ Qxf8 44. Qxa5 Kg8 45. Qc5 Qa8 46. a4 Qb8 47. b4 g5 48. b5 g4 49. b6 Qe8 50. Qe7 Qf8 51. Qxf8+ Kxf8 52. b7 Ke8 53. b8=Q+ Kd7 54. Qb7+ Kd6 55. Qb5 e5 56. Qc5+ Ke6 57. Qc6+ Kf5 58. Qc5 Ke4 59. dxe5 d4 60. Qd6 d3 61. e6 d2 62. Qf4+ Kd3 63. Qxd2+ Kxd2 64. exf7 Kc3 65. f8=Q 1-0


[Site "https://www.chess.com"]

[Event "Titled Tuesday Blitz August 16 Early 2022"]
[White "Rosenberg, Evan S"]
[Black "Aradhya, Garg"]
[WhiteFideId "2019299"]
[BlackFideId "25006746"]
[WhiteElo "1999"]
[BlackElo "2203"]
[Result "0-1"]
[Round "03"]
[TimeControl "180+2"]
[Date "2022.08.18"]
[WhiteClock "0:00:00"]
[BlackClock "0:00:00"]

1. e4 e5 2. Bc4 Nf6 3. d3 Nc6 4. Nc3 Na5 5. Qf3 Be7 6. Nge2 O-O 7. Ng3 c6 8. Bb3 d5 9. h3 Be6 10. Nf5 Re8 11. Nxe7+ Qxe7 12. Bg5 Nxb3 13. axb3 h6 14. Bxf6 Qxf6 15. Qxf6 gxf6 16. Ke2 f5 17. f3 fxe4 18. fxe4 f5 19. exf5 Bxf5 20. Ra4 Kg7 21. Rf1 Rf8 22. g4 Be6 23. Rxf8 Kxf8 24. Kf3 Ke7 25. Kg3 a6 26. Ra1 h5 27. Re1 hxg4 28. hxg4 Rg8 29. Rxe5 Kd6 30. Re1 Bxg4 31. Kf4 Be6 32. Re2 Rg4+ 33. Kf3 Rg7 34. Rh2 Rf7+ 35. Ke3 Rg7 36. Ne2 Bd7 37. Nf4 Re7+ 38. Kd2 Rf7 39. Ne2 a5 40. Rh6+ Kc7 41. Nd4 c5 42. Ne6+ Bxe6 43. Rxe6 Rf2+ 44. Re2 Rxe2+ 45. Kxe2 Kd6 46. d4 cxd4 47. Kd3 Ke5 48. Kd2 Ke4 49. Ke2 Kf5 50. Kd3 Ke5 51. Kd2 Ke4 52. Ke2 b5 53. Kd2 d3 54. c3 b4 55. c4 dxc4 56. bxc4 Kd4 57. c5 Kxc5 58. Kxd3 a4 59. Kc2 Kd4 60. Kd2 Ke4 61. Kc2 Ke3 62. Kb1 Kd2 63. Ka2 Kc2 64. Ka1 a3 65. bxa3 b3 66. a4 b2+ 67. Ka2 b1=Q+ 68. Ka3 Qb3# 0-1


[Site "https://www.chess.com"]

[Event "Titled Tuesday Blitz August 16 Early 2022"]
[White "Rostomyan, Mikayel"]
[Black "Ardila, Oscar Humberto"]
[WhiteFideId "13313754"]
[BlackFideId "4404742"]
[WhiteElo "1426"]
[BlackElo "1939"]
[Result "0-1"]
[Round "03"]
[TimeControl "180+2"]
[Date "2022.08.18"]
[WhiteClock "0:00:00"]
[BlackClock "0:00:00"]

1. d4 Nf6 2. Nf3 g6 3. e3 Bg7 4. b3 d6 5. Bb2 Nbd7 6. Be2 c6 7. O-O O-O 8. c4 Qc7 9. Nc3 e5 10. dxe5 Nxe5 11. Qc2 Bf5 12. e4 Bd7 13. Rad1 Rad8 14. h3 Bc8 15. Nd4 Rfe8 16. Ba3 g5 17. Nf5 Bxf5 18. exf5 d5 19. cxd5 cxd5 20. Qd2 a6 21. Bb2 d4 22. Na4 Ne4 23. Qb4 Nc6 24. Qe1 b5 25. Bf3 Nc3 26. Qd2 Nxd1 27. Rxd1 bxa4 28. Rc1 Rd6 29. Qxg5 Qe7 30. Qg3 Ne5 31. Ba3 Nxf3+ 32. gxf3 Red8 33. Kg2 Qf6 34. Bxd6 Qxd6 35. Qg4 Qf6 36. Qe4 d3 37. Rc6 Qg5+ 38. Kh2 d2 39. f4 Qh5 40. f6 d1=Q 41. fxg7 Qhf3 42. Qxf3 Qxf3 43. Rc2 Qxf4+ 44. Kg2 Qe4+ 45. Kg3 Qxc2 0-1


[Site "https://www.chess.com"]

[Event "Titled Tuesday Blitz August 16 Early 2022"]
[White "Rustemov, Alexander"]
[Black "Omelja, Artem"]
[WhiteFideId "4119002"]
[BlackFideId "14119846"]
[WhiteElo "2525"]
[BlackElo "2382"]
[Result "1-0"]
[Round "03"]
[TimeControl "180+2"]
[Date "2022.08.18"]
[WhiteClock "0:00:00"]
[BlackClock "0:00:00"]

1. d4 d5 2. c4 c6 3. Nc3 e6 4. e3 Nf6 5. Nf3 Nbd7 6. Qc2 Bd6 7. b3 O-O 8. Be2 b6 9. O-O Bb7 10. Bb2 Rc8 11. Rad1 c5 12. dxc5 Nxc5 13. Qb1 Qe7 14. cxd5 Nxd5 15. Nxd5 Bxd5 16. Qa1 f6 17. Rc1 Rfd8 18. Rfd1 Bb8 19. h3 Bb7 20. Ba3 Rxd1+ 21. Rxd1 Qc7 22. Qd4 e5 23. Qc4+ Kh8 24. Bxc5 bxc5 25. Qe6 e4 26. Rd7 Qa5 27. Qf7 Rg8 28. Bc4 exf3 29. Qxg8# 1-0


[Site "https://www.chess.com"]

[Event "Titled Tuesday Blitz August 16 Early 2022"]
[White "Sadubayev, Airat"]
[Black "Bintang, Rasyid A. Hidayat"]
[WhiteFideId "13713264"]
[BlackFideId "7105355"]
[WhiteElo "2151"]
[BlackElo "1820"]
[Result "0-1"]
[Round "03"]
[TimeControl "180+2"]
[Date "2022.08.18"]
[WhiteClock "0:00:00"]
[BlackClock "0:00:00"]

1. d4 d5 2. c4 Nc6 3. Nf3 Bg4 4. Nc3 e6 5. cxd5 exd5 6. Bf4 Bd6 7. Bg3 Nf6 8. e3 O-O 9. Be2 Ne7 10. O-O c6 11. Be5 Ng6 12. Bxd6 Qxd6 13. h3 Bxf3 14. Bxf3 Rae8 15. Qc2 Nh4 16. Be2 Ne4 17. Nxe4 Rxe4 18. Bd3 Re6 19. Bxh7+ Kh8 20. Bd3 f5 21. g3 Nf3+ 22. Kg2 Ng5 23. Bxf5 Ref6 24. Bd3 Qd7 25. g4 Nf3 26. Be2 Nh4+ 27. Kg1 g5 28. Qd2 Rf3 29. e4 R8f4 30. Kh2 Rxg4 31. Rg1 Rxh3+ 32. Kxh3 Rxg1+ 33. Kh2 Rg2+ 0-1


[Site "https://www.chess.com"]

[Event "Titled Tuesday Blitz August 16 Early 2022"]
[White "Sailer, Mike"]
[Black "Begunov, Konstantin"]
[WhiteFideId "2012901"]
[BlackFideId "4118510"]
[WhiteElo "2109"]
[BlackElo "2262"]
[Result "0-1"]
[Round "03"]
[TimeControl "180+2"]
[Date "2022.08.18"]
[WhiteClock "0:00:00"]
[BlackClock "0:00:00"]

1. d4 d5 2. Nc3 c6 3. Bf4 Bf5 4. Qd2 Nf6 5. f3 e6 6. g4 Bg6 7. h4 h6 8. e3 Bd6 9. Nh3 a6 10. Bd3 Bxd3 11. Qxd3 c5 12. dxc5 Bxc5 13. O-O-O Nc6 14. g5 Nh5 15. gxh6 g6 16. Ng5 Nxf4 17. exf4 Rxh6 18. f5 gxf5 19. Rde1 Kf8 20. f4 Qf6 21. h5 Bb4 22. Re2 Bxc3 23. bxc3 Na5 24. Rhe1 Rc8 25. Nxe6+ fxe6 26. Rxe6 Qxe6 27. Rxe6 Rxe6 28. Qxf5+ Ke7 29. Qxd5 Nc4 30. Qxb7+ Kd8 31. f5 Re1# 0-1


[Site "https://www.chess.com"]

[Event "Titled Tuesday Blitz August 16 Early 2022"]
[White "Salman, Pavel"]
[Black "Cruz Mendez, Jean Marco"]
[WhiteFideId "24153753"]
[BlackFideId "3526402"]
[WhiteElo "2143"]
[BlackElo "2064"]
[Result "1-0"]
[Round "03"]
[TimeControl "180+2"]
[Date "2022.08.18"]
[WhiteClock "0:00:00"]
[BlackClock "0:00:00"]

1. Nf3 d5 2. g3 Bg4 3. Bg2 c6 4. d3 Nd7 5. O-O e6 6. h3 Bxf3 7. Bxf3 Ngf6 8. e4 Be7 9. Bg2 O-O 10. Kh1 e5 11. Nc3 dxe4 12. dxe4 Nc5 13. Qe2 Ne6 14. Be3 Nd7 15. f4 Qc7 16. Rad1 Bc5 17. Qf2 Bxe3 18. Qxe3 b6 19. Ne2 Rad8 20. f5 Nd4 21. Nxd4 exd4 22. Rxd4 Ne5 23. c3 c5 24. Rd5 Rxd5 25. exd5 f6 26. Qf4 Qd6 27. b3 b5 28. g4 Rd8 29. h4 c4 30. g5 Nd3 31. Qxd6 Rxd6 32. bxc4 bxc4 33. Rb1 Rb6 34. Rxb6 axb6 35. d6 Ne5 36. a4 Kf8 37. Bd5 Ke8 38. Be6 h6 39. gxf6 gxf6 40. Kg2 Kd8 41. Kf2 Nd3+ 42. Ke3 Nc5 43. Bxc4 Kd7 44. Kf4 Kxd6 45. Bb5 Kd5 46. Kg4 Ke5 47. Kh5 Kxf5 48. Kxh6 Kg4 49. h5 f5 50. Kg6 Ne6 51. h6 Nf4+ 52. Kg7 Kg5 53. h7 Ne6+ 54. Kf7 1-0


[Site "https://www.chess.com"]

[Event "Titled Tuesday Blitz August 16 Early 2022"]
[White "Santos Ruiz, Miguel"]
[Black "Sarana, Alexey"]
[WhiteFideId "22291482"]
[BlackFideId "24133795"]
[WhiteElo "2478"]
[BlackElo "2666"]
[Result "1/2-1/2"]
[Round "03"]
[TimeControl "180+1"]
[Date "2022.08.16"]
[WhiteClock "0:00:07"]
[BlackClock "0:00:05"]

1. e4 c5 2. Nf3 d6 3. d4 cxd4 4. Nxd4 Nf6 5. Nc3 a6 6. Be2 e5 7. Nb3 Be7 8. Be3 Be6 9. Nd5 Nbd7 10. Qd3 O-O 11. O-O Rc8 12. c4 Ne8 13. Nxe7+ Qxe7 14. Nd2 Nc5 15. Qa3 Nf6 16. f3 Rc7 17. Rfd1 Rfc8 18. Nb1 Nh5 19. Nc3 Nf4 20. Bf1 Rc6 21. Rd2 h5 22. Re1 h4 23. Nd5 Qg5 24. Kh1 Bxd5 25. Rxd5 Qf6 26. Rd2 Nfe6 27. h3 Nf4 28. Red1 Nh5 29. Kg1 Ng3 30. Qb4 b6 31. b3 a5 32. Qb5 Qe6 33. Bf2 Qg6 34. a3 Nd7 35. Qd5 Nf6 36. Qd3 Nfh5 37. Qe3 Nf4 38. Bxg3 Qxg3 39. Kh1 Qg6 40. Qf2 Qf6 41. Qe3 Re8 42. b4 axb4 43. axb4 Re6 44. Ra2 Qg5 45. Ra8+ Kh7 46. Qf2 Rg6 47. Rda1 Nh5 48. Rf8 Ng3+ 49. Kg1 Rf6 50. Raa8 Qc1 51. Rh8+ Kg6 52. Rxh4 Nxf1 53. Rg4+ Kh7 54. Qxf1 Rxc4 55. Rh4+ Rh6 56. Rxh6+ Kxh6 57. Rh8+ Kg6 58. Qxc1 Rxc1+ 59. Kh2 Rc4 60. Rd8 Rd4 61. b5 f5 62. exf5+ Kxf5 63. Rb8 Rb4 64. Rxb6 d5 65. Kg3 d4 66. Rb8 Ke6 67. b6 Kd7 68. Rb7+ Kc6 69. Rxg7 d3 70. Kf2 Rb2+ 71. Ke3 d2 72. Ke2 Kxb6 73. Re7 Kc5 74. Rxe5+ Kd4 75. Re8 d1=Q+ 76. Kxd1 Rxg2 77. Re4+ Kd5 78. Ke1 Rh2 79. h4 Kd6 80. Kf1 Kd5 81. Kg1 Rd2 82. Kf1 Rh2 83. Kg1 Rc2 84. Rg4 Ke5 85. Rg2 Rc1+ 86. Kf2 Kf5 87. Rg4 Rc2+ 88. Kg3 Rc1 89. Re4 Rg1+ 90. Kf2 Rh1 91. Ra4 Rh2+ 92. Kg3 Rh1 93. Ra5+ Kf6 94. h5 Rg1+ 95. Kf4 Rh1 96. h6 Kg6 97. Ra6+ Kh7 98. Kg5 Rg1+ 99. Kf5 Rb1 100. f4 Rb5+ 101. Kg4 Rb1 102. f5 Rg1+ 103. Kf4 Rf1+ 104. Ke5 Re1+ 105. Kd5 Rd1+ 106. Ke6 Kxh6 107. Kf7+ Kh7 108. Ra2 Rd7+ 109. Ke6 Rb7 110. Rh2+ Kg8 111. f6 Rb6+ 112. Ke7 Rb7+ 113. Ke6 Rb6+ 114. Ke7 Rb7+ 115. Kd8 Rb6 116. Rg2+ Kf7 117. Rf2 Rxf6 118. Rxf6+ Kxf6 1/2-1/2


[Site "https://www.chess.com"]

[Event "Titled Tuesday Blitz August 16 Early 2022"]
[White "Schekachikhin, Maksim"]
[Black "Xie, Bryan"]
[WhiteFideId "24177830"]
[BlackFideId "30941296"]
[WhiteElo "2376"]
[BlackElo "2157"]
[Result "1-0"]
[Round "03"]
[TimeControl "180+2"]
[Date "2022.08.18"]
[WhiteClock "0:00:00"]
[BlackClock "0:00:00"]

1. d4 Nf6 2. Bg5 Ne4 3. Bf4 c5 4. f3 Qa5+ 5. c3 Nf6 6. d5 d6 7. e4 Nbd7 8. Nd2 Qc7 9. a4 g6 10. Bd3 Bg7 11. Ne2 O-O 12. O-O b6 13. Nc4 a6 14. Qd2 Bb7 15. Bh6 b5 16. Na3 c4 17. Bc2 Bxh6 18. Qxh6 Qb6+ 19. Kh1 Nc5 20. Nd4 Nfd7 21. f4 bxa4 22. Nxc4 Qc7 23. Ne3 Nf6 24. Ndf5 gxf5 25. Nxf5 Ne8 26. e5 Bxd5 27. Nxe7+ 1-0


[Site "https://www.chess.com"]

[Event "Titled Tuesday Blitz August 16 Early 2022"]
[White "Schmakel, Sam"]
[Black "Shohat, Yotam"]
[WhiteFideId "2039311"]
[BlackFideId "2813955"]
[WhiteElo "2356"]
[BlackElo "2119"]
[Result "1-0"]
[Round "03"]
[TimeControl "180+1"]
[Date "2022.08.16"]
[WhiteClock "0:00:11"]
[BlackClock "0:00:03"]

1. d4 Nf6 2. c4 g6 3. Nc3 Bg7 4. e4 O-O 5. Be2 d6 6. Be3 Na6 7. g4 c5 8. d5 e6 9. g5 Nd7 10. dxe6 Nb6 11. exf7+ Rxf7 12. h4 Qe7 13. Qd2 Nb4 14. f3 Nc6 15. h5 Nd4 16. hxg6 hxg6 17. O-O-O Be6 18. Nh3 Nxc4 19. Bxc4 Bxc4 20. Nf4 Nxf3 21. Qxd6 Ne5 22. Qxe7 Rxe7 23. Bxc5 Rf7 24. Be3 Raf8 25. Ncd5 Ng4 26. Bc5 Rxf4 27. Nxf4 Rxf4 28. Rd8+ Bf8 29. Bxf8 Rxf8 30. Rh8+ Kxh8 31. Rxf8+ Kg7 32. Rb8 Kf7 33. Rxb7+ Ke6 34. Rxa7 Ke5 35. Rg7 Kxe4 36. Rxg6 Ne5 37. Rf6 Bxa2 38. g6 Nd3+ 39. Kc2 Nxb2 40. Kxb2 Bg8 41. g7 Ke5 42. Rf8 1-0


[Site "https://www.chess.com"]